 Adventure DCSS version bcrawl-1.20 (webtiles) character file.

Game seed: 9713929997178913363

1862 pasperui the Grappler (level 9, 0/74 HPs)
             Began as a Gnoll Reaver on Jan 19, 2020.
             Was a Believer of Vehumet.
             Slain by a hornet zombie (11 damage)
             ... on level 6 of the Dungeon on Jan 20, 2020.
             The game lasted 00:14:44 (5078 turns).

pasperui the Grappler (Gnoll Reaver)                Turns: 5078, Time: 00:14:44

Health: 0/74       AC:  6    Str: 16    XL:     9   Next: 13%
Magic:  19/19      EV: 17    Int: 17    God:    Vehumet [**....]
Gold:   360        SH:  0    Dex: 14    Spells: 17/21 levels left
                                        Lives:  0   Deaths: 2

rFire    . . .     SeeInvis .   z - +6 short sword of the Gloaming {freeze, *Corrode +Blink +Rage rElec}
rCold    . . .     Gourm    .   (no shield)
rNeg     . . .     Faith    .   a - +0 steam dragon scales
rPois    .         Spirit   .   (no helmet)
rElec    +         Reflect  .   (no cloak)
rCorr    .         Harm     .   (no gloves)
MR       .....                  (no boots)
Stlth    +++.......             (no amulet)
HPRegen  0.22/turn              (no ring)
MPRegen  0.16/turn              (no ring)

@: no status effects
A: distributed training, fangs 1, strong nose
a: Renounce Religion, Evoke Blink, Evoke Berserk Rage


You were on level 6 of the Dungeon.
You worshipped Vehumet.
Vehumet was pleased with you.
You were not hungry.

You visited 1 branch of the dungeon, and saw 6 of its levels.

You collected 360 gold pieces.

Inventory:

Hand Weapons
 j - a +2 dire flail of protection
 k - a +0 blowgun
 y - a +0 halberd
 z - the +6 short sword of the Gloaming (weapon) {freeze, *Corrode +Blink +Rage rElec}
   (You found it on level 5 of the Dungeon)

   It has been specially enchanted to freeze those struck by it, causing extra
   injury to most foes and up to half again as much damage against particularly
   susceptible opponents.
   It can also slow down cold-blooded creatures.
   It insulates you from electricity.
   It lets you blink.
   It lets you go berserk.
   It may corrode you when you take damage.
 C - a +0 shortbow
Missiles
 g - 1290 stones (quivered)
 h - 45 javelins
 l - 12 poisoned needles
 q - 648 arrows
 B - 72 tomahawks
Armour
 a - +0 steam dragon scales (worn)
 D - a +0 large shield
Jewellery
 t - an uncursed amulet of faith {unknown}
Wands
 v - a wand of iceblast (11)
Scrolls
 c - 2 scrolls of immolation
 d - a scroll of fear {unknown}
 f - 3 scrolls of remove curse {unknown}
 i - a scroll of noise {unknown}
 n - 4 scrolls of identify {unknown}
 o - a scroll of magic mapping {unknown}
 r - 3 scrolls of teleportation {unknown}
 u - a scroll of blinking {unknown}
 w - a scroll of enchant armour {unknown}
 x - a scroll of enchant weapon {unknown}
Potions
 b - a potion of mutation {unknown}
 m - 2 potions of flight
 p - 2 potions of curing {unknown}
 s - a potion of magic {unknown}
Comestibles
 e - 10 rations {!d}
 A - 17 chunks of flesh


   Skills:
 + Level 8.1 Fighting
 + Level 4.6 Short Blades
 + Level 4.6 Long Blades
 + Level 4.6 Axes
 + Level 4.6 Maces & Flails
 + Level 4.6 Polearms
 + Level 4.6 Staves
 + Level 4.6 Slings
 + Level 4.6 Bows
 + Level 4.6 Crossbows
 + Level 4.6 Throwing
 + Level 4.6 Armour
 + Level 8.1 Dodging
 + Level 4.6 Stealth
 + Level 4.6 Shields
 + Level 8.1 Unarmed Combat
 + Level 6.9 Spellcasting
 + Level 3.8 Conjurations
 + Level 3.8 Hexes
 + Level 3.8 Charms
 + Level 3.8 Summonings
 + Level 3.8 Necromancy
 + Level 3.8 Translocations
 + Level 3.8 Transmutations
 + Level 3.8 Fire Magic
 + Level 3.8 Ice Magic
 + Level 3.8 Air Magic
 + Level 3.8 Earth Magic
 + Level 3.8 Poison Magic
 + Level 5.1 Invocations
 + Level 4.6 Evocations


You had 17 spell levels left.
You knew the following spells:

 Your Spells              Type           Power        Failure   Level  Hunger
a - Flame Tongue          Conj/Fire      ###..        1%          1    None
b - Mephitic Cloud        Conj/Pois/Air  ###.....     1%          3    ##.....

Your spell library contained the following spells:

 Spells                   Type           Power        Failure   Level  Hunger
 Iskenderun's Battlesphe  Conj/Chrm      ###.....     17%         5    #####..


Dungeon Overview and Level Annotations

Branches:
Dungeon (6/12)
 Temple: D:4-7

Altars:
Ashenzari
Dithmenos
Fedhas
Gozag
Kikubaaqudgha
Lugonu
Nemelex Xobeh
Okawaru
Trog
Wu Jian
The Shining One

Annotations:
D:3 Ijyb


Innate Abilities, Weirdness & Mutations

Your experience applies equally to all skills.
You have very sharp teeth.
Your uncanny sense of smell can sniff out nearby items.


Message History

You bite the hornet zombie, but do no damage.
The hornet zombie is severely damaged.
The hornet zombie hits you!
* * * LOW HITPOINT WARNING * * *
You closely miss the hornet zombie.
The hornet zombie is severely damaged.
The hornet zombie hits you!
* * * LOW HITPOINT WARNING * * *
The hornet zombie hits you.
* * * LOW HITPOINT WARNING * * *
You hit the hornet zombie.
The hornet zombie is severely damaged.
A centaur comes into view.
The hornet zombie completely misses you.
Unknown command.
The centaur wields a +0 shortbow.
The centaur shoots an arrow.
The arrow misses you.
The centaur shoots an arrow.
The arrow closely misses you. The hornet zombie hits you!
You die...

#.........#.##.#.#
#.........#.##.#.#
##.....>...#.##.#.#
##........[.#.##†#.#
............#.c.^..#
#.8.....8......#######
###.........###.....ay†.
....(..Z###.# #.###.h###
###.#..@###.# #.###..#..
#.#...÷...# #>##.....# .
#.##..##### #.##...##h
#. ##### #.....#
#.##...##. .##...#
###...# #.....[...
##...#.# #...#
###.#####. ##.##...#
#...# #.# #. #.#)....#
#...# ... #.
....##.÷######...#####
##..#


You could see a hornet zombie.

Vanquished Creatures
  A troll (D:5)
  Grinder (D:3)
  Sigmund (D:2)
  A crocodile (D:6)
  Edmund (D:4)
  2 water moccasins (D:5)
  An orc warrior (D:6)
  A phantom (D:5)
  An ice beast (D:5)
  2 sky beasts
  2 ogres (D:4)
  3 centaurs (D:6)
  2 bullfrogs (D:6)
  A water moccasin skeleton (D:4)
  3 scorpions
  4 howler monkeys
  3 crimson imps
  A bullfrog zombie (D:5)
  3 orc priests
  2 centaur skeletons
  3 hounds
  3 orc wizards
  An iguana (D:5)
  6 worker ants
  A hound zombie (D:5)
  A hound skeleton (D:4)
  A worker ant zombie (D:6)
  2 adders
  4 gnolls (D:5)
  5 worms
  4 dart slugs
  2 leopard geckos
  15 orcs
  3 ball pythons
  6 bats
  3 giant cockroaches (D:2)
  4 goblins
  15 hobgoblins
  11 jackals
  2 quokkas
  2 frilled lizards
  4 kobolds
  6 rats
140 creatures vanquished.

Notes
Turn   | Place    | Note
-------+----------+-------------------------------------------
     0 | D:1      | pasperui the Gnoll Reaver began the quest for the Orb.
     0 | D:1      | Reached XP level 1. HP: 23/23 MP: 6/6
    59 | D:1      | Reached XP level 2. HP: 27/29 MP: 7/7
   269 | D:1      | Reached XP level 3. HP: 25/35 MP: 9/9
   286 | D:1      | Reached skill level 5 in Spellcasting
   733 | D:1      | Reached skill level 1 in Invocations
   877 | D:2      | Reached * piety under Vehumet
   877 | D:2      | Offered knowledge of Magic Dart by Vehumet.
   887 | D:2      | Noticed Sigmund
   946 | D:2      | Killed Sigmund
   946 | D:2      | Reached skill level 1 in Short Blades
   946 | D:2      | Reached skill level 1 in Long Blades
   946 | D:2      | Reached skill level 1 in Axes
   946 | D:2      | Reached skill level 1 in Maces & Flails
   946 | D:2      | Reached skill level 1 in Polearms
   946 | D:2      | Reached skill level 1 in Staves
   946 | D:2      | Reached skill level 1 in Slings
   946 | D:2      | Reached skill level 1 in Bows
   946 | D:2      | Reached skill level 1 in Crossbows
   946 | D:2      | Reached skill level 1 in Throwing
   946 | D:2      | Reached skill level 1 in Armour
   946 | D:2      | Reached skill level 1 in Stealth
   946 | D:2      | Reached skill level 1 in Shields
   946 | D:2      | Reached skill level 1 in Conjurations
   946 | D:2      | Reached skill level 1 in Hexes
   946 | D:2      | Reached skill level 1 in Charms
   946 | D:2      | Reached skill level 1 in Summonings
   946 | D:2      | Reached skill level 1 in Necromancy
   946 | D:2      | Reached skill level 1 in Translocations
   946 | D:2      | Reached skill level 1 in Transmutations
   946 | D:2      | Reached skill level 1 in Fire Magic
   946 | D:2      | Reached skill level 1 in Ice Magic
   946 | D:2      | Reached skill level 1 in Air Magic
   946 | D:2      | Reached skill level 1 in Earth Magic
   946 | D:2      | Reached skill level 1 in Poison Magic
   946 | D:2      | Reached skill level 1 in Evocations
   946 | D:2      | Reached XP level 4. HP: 41/41 MP: 11/11
   946 | D:2      | Reached XP level 5. HP: 47/47 MP: 12/12
  1285 | D:2      | Reached XP level 6. HP: 40/53 MP: 13/13
  1323 | D:2      | Found an iron altar of Okawaru.
  1324 | D:2      | Found an opulent altar of Gozag.
  1324 | D:2      | Found a glowing golden altar of the Shining One.
  1326 | D:2      | Found an ancient bone altar of Kikubaaqudgha.
  1328 | D:2      | Found a bloodstained altar of Trog.
  1328 | D:2      | Found a shadowy altar of Dithmenos.
  1335 | D:2      | Found a sparkling altar of Nemelex Xobeh.
  1421 | D:2      | Found an ornate altar of the Wu Jian Council.
  1683 | D:3      | Found a corrupted altar of Lugonu.
  1745 | D:3      | Noticed Grinder
  1763 | D:3      | Killed Grinder
  1763 | D:3      | Reached XP level 7. HP: 35/60 MP: 15/15
  1886 | D:3      | Noticed Ijyb
  1937 | D:3      | HP: 1/60 [Ijyb/+2 dagger of electrocution (14)]
  1941 | D:3      | Shot with a sling bullet by Ijyb
  1942 | D:3      | Reached XP level 6. HP: -2/55 MP: 14/14
  2342 | D:4      | Noticed a sky beast
  2365 | D:3      | Killed a sky beast
  2365 | D:3      | Reached XP level 7. HP: 18/60 MP: 15/15
  2575 | D:4      | Noticed Edmund
  2584 | D:4      | Killed Edmund
  2598 | D:4      | Reached ** piety under Vehumet
  2739 | D:4      | Offered knowledge of Flame Tongue by Vehumet.
  2742 | D:4      | Learned a level 1 spell: Flame Tongue
  2984 | D:4      | Reached XP level 8. HP: 62/67 MP: 17/17
  3227 | D:5      | Entered Level 5 of the Dungeon
  3762 | D:5      | Got a steaming short sword
  3763 | D:5      | Identified the +6 short sword of the Gloaming {freeze,
                  | *Corrode +Blink +Rage rElec} (You found it on level 5 of
                  | the Dungeon)
  3919 | D:5      | Reached XP level 9. HP: 56/73 MP: 18/18
  4180 | D:5      | Noticed a troll
  4189 | D:5      | Killed a troll
  4351 | D:5      | Found a blossoming altar of Fedhas.
  4686 | D:6      | Noticed a hornet
  4701 | D:6      | Slain by a hornet
  4702 | D:6      | Reached XP level 8. HP: -4/68 MP: 17/17
  4872 | D:6      | Reached skill level 5 in Invocations
  4886 | D:6      | Found a shattered altar of Ashenzari.
  4896 | D:6      | Offered knowledge of Mephitic Cloud by Vehumet.
  4896 | D:6      | Reached XP level 9. HP: 35/74 MP: 19/19
  4905 | D:6      | Learned a level 3 spell: Mephitic Cloud
  5078 | D:6      | Slain by a hornet zombie

Skill      XL: |  1  2  3  4  5  6  7  8  9 |
---------------+----------------------------+-----
Spellcasting   | 5 6 |  6.9
Invocations    | 1 2 3 5 |  5.1
Short Blades   | 1 2 3 4 |  4.6
Long Blades    | 1 2 3 4 |  4.6
Axes           | 1 2 3 4 |  4.6
Maces & Flails | 1 2 3 4 |  4.6
Polearms       | 1 2 3 4 |  4.6
Staves         | 1 2 3 4 |  4.6
Slings         | 1 2 3 4 |  4.6
Bows           | 1 2 3 4 |  4.6
Crossbows      | 1 2 3 4 |  4.6
Throwing       | 1 2 3 4 |  4.6
Armour         | 1 2 3 4 |  4.6
Stealth        | 1 2 3 4 |  4.6
Shields        | 1 2 3 4 |  4.6
Conjurations   | 1 2 3 |  3.8
Hexes          | 1 2 3 |  3.8
Charms         | 1 2 3 |  3.8
Summonings     | 1 2 3 |  3.8
Necromancy     | 1 2 3 |  3.8
Translocations | 1 2 3 |  3.8
Transmutations | 1 2 3 |  3.8
Fire Magic     | 1 2 3 |  3.8
Ice Magic      | 1 2 3 |  3.8
Air Magic      | 1 2 3 |  3.8
Earth Magic    | 1 2 3 |  3.8
Poison Magic   | 1 2 3 |  3.8
Evocations     | 1 2 3 4 |  4.6
Fighting       | 7 8 |  8.1
Dodging        | 7 8 |  8.1
Unarmed Combat | 7 8 |  8.1

Action                   |  1- 3 |  4- 6 |  7- 9 || total
-------------------------+-------+-------+-------++-------
Melee: Unarmed           |   131 |   171 |    57 ||   359
       Bite              |    12 |    12 |    34 ||    58
       Punch             |     1 |     3 |    11 ||    15
       Dire flail        |       |       |   136 ||   136
       Short sword       |       |       |   134 ||   134
 Abil: Evoke Berserk Rag |       |       |     1 ||     1
  Use: Potion            |       |     1 |     4 ||     5
 Stab: Sleeping          |     1 |     1 |     5 ||     7
  Eat: Chunk             |       |     3 |     6 ||     9
Armor: Steam dragon scal |    23 |    31 |    62 ||   116
Dodge: Dodged            |   101 |   101 |   283 ||   485
